 Dungeon Crawl Stone Soup version 0.24.1-14-gf8d2b509d9 (webtiles) character file.

Game seed: 12200922502875365524, levelgen mode: deterministic

26639 oppah the Spear-Bearer (level 13, -2/103 HPs)
             Began as a Demonspawn Abyssal Knight on July 13, 2020.
             Was the Champion of Lugonu.
             Succumbed to a meliai's poison
             ... on level 13 of the Dungeon.
             The game lasted 00:57:02 (22922 turns).

oppah the Spear-Bearer (Demonspawn Abyssal Knight) Turns: 22922, Time: 00:57:03

Health: -2/103     AC: 25    Str: 15    XL:     13   Next: 0%
Magic:  20/20      EV: 11    Int: 15    God:    Lugonu [******]
Gold:   752        SH: 12    Dex: 12    Spells: 12/12 levels left

rFire    . . .     SeeInvis +   C - +1 trident
rCold    + . .     Gourm    .   r - +2 shield
rNeg     + . .     Faith    .   B - +4 chain mail
rPois    .         Spirit   .   G - +2 helmet
rElec    +         Reflect  .   M - +1 cloak of Starlight {rElec rC+ EV+4 Stlth--}
rCorr    .         Harm     .   u - +2 pair of gloves
MR       .....                  o - +0 pair of boots
Stlth    ..........             K - amulet of rage
HPRegen  0.27/turn              n - ring of positive energy
MPRegen  0.17/turn              j - ring of wizardry

@: lethally poisoned (-2 -> -38), berserk cooldown, slowed, very slow
A: talons 2, see invisible, demonic guardian 1, spiny 1, weak 1, subdued magic
1, sturdy frame 2
a: Depart the Abyss, Bend Space, Banish, Corrupt, Enter the Abyss, Brand Weapon
With Distortion, Renounce Religion, Evoke Berserk Rage


You were on level 13 of the Dungeon.
You worshipped Lugonu.
Lugonu was exalted by your worship.
You were hungry.

You visited 1 branch of the dungeon, and saw 15 of its levels.
You visited the Abyss 2 times.
You also visited: Sewer.

You collected 1286 gold pieces.
You spent 534 gold pieces at shops.

Inventory:

Hand Weapons
 a - a +1 spear
 x - a +0 war axe
 C - a +1 trident (weapon)
 U - a cursed +3 spear
Missiles
 H - 44 poisoned darts
 P - 13 boomerangs (quivered)
 V - 2 atropa-tipped darts
Armour
 o - a +0 pair of boots (worn)
 r - a +2 shield (worn)
 u - a +2 pair of gloves (worn)
 y - a +2 scale mail of fire resistance
 B - a +4 chain mail (worn)
 G - a +2 helmet (worn)
 M - the +1 cloak of Starlight (worn) {rElec rC+ EV+4 Stlth--}
   (You bought it in a shop on level 6 of the Dungeon)

   It affects your evasion (+4).
   It protects you from cold.
   It insulates you from electricity.
   It makes you much less stealthy.
Jewellery
 f - an uncursed ring of stealth
 j - a ring of wizardry (right hand)
 n - a ring of positive energy (left hand)
 F - an uncursed ring of fire
 K - an amulet of rage (around neck)
 Q - the amulet "Miaqasmu" {Reflect rC++ MR- Str+4 Int+2 SH+4}
   (You took it off an orc on level 11 of the Dungeon)

   [amulet of reflection]

   It shields you and reflects attacks.
   It affects your strength (+4).
   It affects your intelligence (+2).
   It greatly protects you from cold.
   It affects your resistance to hostile enchantments.
   It affects your SH (+4).
 T - an uncursed ring of fire
Wands
 b - a wand of acid (6)
 J - a wand of enslavement (20)
 N - a wand of iceblast (7)
 S - a wand of random effects (13)
Scrolls
 g - 3 scrolls of magic mapping
 l - 2 scrolls of immolation
 p - 3 scrolls of enchant armour
 q - 2 scrolls of remove curse
 s - 9 scrolls of teleportation
 v - 5 scrolls of blinking
 D - 4 scrolls of identify
 R - 2 scrolls of amnesia
Potions
 d - 5 potions of magic
 e - 3 potions of curing
 h - 3 potions of might
 i - 2 potions of ambrosia
 k - 3 potions of haste
 m - 6 potions of heal wounds
 t - 4 potions of brilliance
 w - a potion of invisibility
 z - 2 potions of flight
 E - a potion of agility
 I - 3 potions of cancellation
 L - 4 potions of lignification
 O - a potion of mutation
Comestibles
 c - 20 rations


   Skills:
 + Level 9.8 Fighting
 + Level 12.2 Polearms
 + Level 4.5 Throwing
 * Level 9.0 Armour
 - Level 0.8 Dodging
 + Level 6.6 Shields
 * Level 9.5 Invocations
 - Level 3.2 Evocations


You had 12 spell levels left.
You didn't know any spells.
Your spell library contained the following spells:

 Spells                   Type           Power        Failure   Level  Hunger
 Animate Skeleton         Necr           N/A          71%         1    ##.....
 Apportation              Tloc           #.....       71%         1    ##.....
 Confusing Touch          Hex            #.....       71%         1    ##.....
 Flame Tongue             Conj/Fire      #....        71%         1    ##.....
 Shock                    Conj/Air       #...         71%         1    ##.....
 Summon Small Mammal      Summ           #...         71%         1    ##.....
 Swiftness                Chrm/Air       #.......     83%         2    ###....
 Throw Flame              Conj/Fire      #.....       83%         2    ###....
 Confuse                  Hex            #.......     96%         3    ####...
 Conjure Flame            Conj/Fire      #.......     96%         3    ####...
 Gell's Gravitas          Tloc           #.........   96%         3    ####...
 Inner Flame              Hex/Fire       #.......     96%         3    ####...
 Static Discharge         Conj/Air       #.......     96%         3    ####...
 Airstrike                Air            #.........   100%        4    #####..
 Petrify                  Tmut/Erth      #.......     100%        4    #####..
 Sticky Flame             Conj/Fire      #.......     100%        4    #####..
 Fireball                 Conj/Fire      #.........   100%        5    ######.
 Lightning Bolt           Conj/Air       #.........   100%        5    ######.
 Metabolic Englaciation   Hex/Ice        #.........   100%        5    ######.
 Yara's Violent Unravell  Hex/Tmut       #.........   100%        5    ######.


Dungeon Overview and Level Annotations

Branches:
Dungeon (15/15)            Temple (0/1) D:4            Lair (0/6) D:11
    Orc (0/2) D:11          Sewer (visited)
 Vaults: D:13-14     Depths: D:15

Altars:
Kikubaaqudgha
Makhleb
Ru
Xom

Shops:
D:6 [

Annotations:
D:1 exclusion: downstairs
D:2 exclusion: downstairs
D:3 2 runed translucent doors, exclusion: downstairs, 15bullets's ghost, weakling HOMo
D:5 exclusion: downstairs
D:6 3 runed translucent doors, Hugehornet's ghost, novice OpTm
D:10 exclusion: downstairs
D:11 exclusion: downstairs


Innate Abilities, Weirdness & Mutations

You have razor-sharp toenails.
A weak demonic guardian rushes to your aid.
You are partially covered in sharp spines.
Your movements are less encumbered by armour. (ER -4)
You have supernaturally acute eyesight. (SInv)
You are weak. (Str -2)
Your spells are a little easier to cast, but a little less powerful.


Message History

* * * LOW HITPOINT WARNING * * *
You feel sick. You block the meliai's attack. The meliai closely misses you.
Unknown command.
You puncture the meliai!
You kill the meliai!
Lugonu accepts your kill.
You have reached level 13!
Your demonic ancestry asserts itself...
Sharp spines emerge from parts of your body.
* * * LOW HITPOINT WARNING * * *
You feel sick.
You are too berserk!
Unknown command.
You are too berserk!
You are too berserk!
Unknown command.
You are no longer berserk.
You are exhausted.
You feel yourself slow down.
You die...

..#......#...#...#...#...#....#..
##############...######..##...###
...#...#.........................
...#...')........................
...#...#.........................
..)#...#....############'##......
.......#.........#....#...#......
.......######..).#....#...#......
'###...#....#...@#....'...#######
...#...'....#...)#....#.......#..
...#...#....#....#....#.......#..
...#...#....#....#....#.......#..
#################################


There were no monsters in sight!

Vanquished Creatures
  A rakshasa (D:15)
  A centaur warrior (D:14)
  A two-headed ogre (D:11)
  A queen ant (D:11)
  3 skeletal warriors
  2 unseen horrors
  A cyclops (D:11)
  A manticore (D:13)
  A black mamba (shapeshifter) (D:15)
  Psyche (D:8)
  2 gargoyles
  A centaur skeleton (D:10)
  2 meliai (D:13)
  3 trolls
  Prince Ribbit (D:8)
  12 slime creatures
  Grinder (D:4)
  4 hippogriffs
  2 wraiths
  3 shadows
  4 yaks
  Eustachio (D:6)
  A vampire (D:15)
  A wyvern (D:15)
  4 hungry ghosts
  24 soldier ants
  2 water moccasins
  A swamp drake (D:11)
  4 ice beasts
  A sky beast (D:5)
  A black bear (D:12)
  4 orc warriors
  5 phantoms
  6 ogres
  2 necrophages
  2 centaurs
  2 crocodiles
  A big kobold (D:12)
  12 bullfrogs
  An elf skeleton (D:9)
  3 scorpions
  A troll zombie (D:9)
  3 killer bees (D:10)
  4 howler monkeys
  9 wights
  An electric eel (D:13)
  4 centaur zombies
  3 crimson imps
  2 quasits
  5 hounds
  6 jellies
  5 orc priests
  A bullfrog zombie (D:12)
  5 human zombies (D:9)
  3 bullfrog skeletons
  2 iguanas
  Terence (D:3)
  13 orc wizards
  25 worker ants
  A hound skeleton (D:9)
  2 mummies (D:9)
  3 gnolls
  26 adders
  3 river rats (Sewer)
  6 shadow imps
  4 oozes
  An adder zombie (D:8)
  3 worms
  3 dart slugs
  5 leopard geckos
  54 orcs
  14 ball pythons
  9 bats
  4 giant cockroaches
  16 goblins
  9 hobgoblins
  10 jackals
  3 quokkas
  10 frilled lizards
  15 kobolds
  A leopard gecko skeleton (D:4)
  An orc zombie (D:9)
  A quokka skeleton (D:5)
  36 rats
459 creatures vanquished.

Vanquished Creatures (collateral kills)
  A skeletal warrior (D:12)
  2 ugly things
  A manticore (D:15)
  2 slime creatures (D:13)
  A hippogriff (D:13)
  6 yaks
  A hungry ghost (D:12)
  An orc warrior (D:11)
  3 howler monkeys (D:8)
  A hound (D:12)
  An orc (D:11)
  A jackal (D:9)
21 creatures vanquished.

Vanquished Creatures (others)
  An orc warrior (D:11)
  An orc wizard (D:11)
  An orc (D:11)
3 creatures vanquished.

Grand Total: 483 creatures vanquished

Notes
Turn   | Place    | Note
-------+----------+-------------------------------------------
     0 | Abyss:1  | oppah the Demonspawn Abyssal Knight began the quest for the
                  | Orb.
     0 | Abyss:1  | Reached XP level 1. HP: 18/18 MP: 2/2
    97 | Abyss:2  | Noticed a worldbinder
   123 | Abyss:2  | Noticed a smoke demon
   128 | Abyss:2  | Noticed a thrashing horror
   129 | D:1      | Escaped the Abyss
   417 | D:1      | Reached skill level 2 in Polearms
   417 | D:1      | Gained mutation: You have sharp toenails. [demonic
                  | ancestry]
   417 | D:1      | Reached XP level 2. HP: 9/24 MP: 3/3
   653 | D:1      | Reached * piety under Lugonu
   901 | D:1      | Gained mutation: Your movements are slightly less
                  | encumbered by armour. (ER -2) [demonic ancestry]
   901 | D:1      | Reached XP level 3. HP: 30/30 MP: 4/4
  1006 | D:1      | You fall into a shaft and drop 1 floor!
  1853 | D:2      | Reached XP level 4. HP: 31/37 MP: 5/5
  1947 | D:2      | Reached skill level 3 in Polearms
  2325 | D:2      | Reached ** piety under Lugonu
  3144 | D:3      | Noticed an orc warrior
  3318 | D:3      | Found a glowing drain.
  3318 | D:3      | Noticed Terence
  3327 | Sewer    | Entered a sewer
  3462 | Sewer    | Reached XP level 5. HP: 27/42 MP: 6/6
  4293 | Sewer    | Reached *** piety under Lugonu
  4481 | Sewer    | Reached skill level 4 in Polearms
  4481 | Sewer    | Reached XP level 6. HP: 28/49 MP: 7/7
  5207 | D:3      | Found a large runed translucent door.
  5208 | D:3      | Found a large runed translucent door.
  5211 | D:3      | Noticed 15bullets's ghost (weakling HOMo)
  5441 | D:3      | Found a burning altar of Makhleb.
  5828 | D:3      | Killed Terence
  5828 | D:3      | Reached skill level 5 in Polearms
  6211 | D:4      | Noticed Grinder
  6288 | D:4      | Reached XP level 7. HP: 49/55 MP: 8/8
  6291 | D:4      | Reached **** piety under Lugonu
  6732 | D:4      | Killed Grinder
  6732 | D:4      | Reached skill level 5 in Fighting
  6732 | D:4      | Reached skill level 6 in Polearms
  7003 | D:4      | Found a staircase to the Ecumenical Temple.
  7039 | D:5      | Entered Level 5 of the Dungeon
  7708 | D:5      | Gained mutation: You have razor-sharp toenails. [demonic
                  | ancestry]
  7708 | D:5      | Reached XP level 8. HP: 26/63 MP: 9/9
  8674 | D:6      | Reached skill level 7 in Polearms
  9009 | D:6      | Reached skill level 5 in Armour
  9795 | D:6      | Noticed Hugehornet's ghost (novice OpTm)
  9804 | D:6      | Found a runed translucent gate.
  9804 | D:6      | Found a runed translucent gate.
  9815 | D:6      | Reached XP level 9. HP: 58/71 MP: 10/10
  9895 | D:6      | Found Enuhu's Armour Shop.
  9899 | D:6      | Noticed Eustachio
  9915 | D:6      | Reached skill level 1 in Throwing
  9954 | D:6      | Killed Eustachio
  9954 | D:6      | Reached skill level 8 in Polearms
 10237 | D:6      | Bought the +1 cloak of Starlight {rElec rC+ EV+4 Stlth--}
                  | for 534 gold pieces
 10237 | D:6      | Found the +1 cloak of Starlight {rElec rC+ EV+4 Stlth--}
 10344 | D:6      | Found a runed translucent gate.
 10427 | D:6      | Found a shimmering altar of Xom.
 10429 | D:6      | Found a shimmering altar of Xom.
 10430 | D:6      | Found a shimmering altar of Xom.
 10430 | D:6      | Found a shimmering altar of Xom.
 10994 | D:7      | Found a sacrificial altar of Ru.
 11286 | D:7      | Gained mutation: You are weak. (Str -2) [potion of
                  | mutation]
 11286 | D:7      | Gained mutation: Your spells are a little easier to cast,
                  | but a little less powerful. [potion of mutation]
 11286 | D:7      | Gained mutation: You have supernaturally acute eyesight.
                  | (SInv) [potion of mutation]
 11482 | D:8      | Paralysed by fainting for 9 turns
 11502 | D:8      | Reached skill level 1 in Shields
 11609 | D:8      | Reached skill level 9 in Polearms
 11844 | D:8      | Noticed Psyche
 11856 | D:8      | Killed Psyche
 11910 | D:8      | Gained mutation: A weak demonic guardian rushes to your
                  | aid. [demonic ancestry]
 11910 | D:8      | Reached XP level 10. HP: 72/77 MP: 11/11
 11929 | D:8      | Reached ***** piety under Lugonu
 12449 | D:8      | Noticed Prince Ribbit
 12458 | D:8      | Killed Prince Ribbit
 13493 | D:9      | Found an ancient bone altar of Kikubaaqudgha.
 13889 | D:10     | Entered Level 10 of the Dungeon
 13986 | D:10     | Reached skill level 10 in Polearms
 15559 | D:10     | Cast into level 1 of the Abyss (orc)
 15568 | D:10     | Escaped the Abyss
 16299 | D:11     | Noticed a white ugly thing
 16461 | D:11     | Gained mutation: Your movements are less encumbered by
                  | armour. (ER -4) [demonic ancestry]
 16461 | D:11     | Reached XP level 11. HP: 84/87 MP: 14/14
 16571 | D:11     | Killed a white ugly thing
 16750 | D:11     | Reached skill level 1 in Evocations
 16856 | D:11     | Found a staircase to the Lair.
 16861 | D:11     | Noticed an unseen horror
 16887 | D:11     | Killed an unseen horror
 16887 | D:11     | Reached skill level 5 in Invocations
 17375 | D:11     | Noticed a queen ant
 17405 | D:11     | Killed a queen ant
 17437 | D:11     | Reached skill level 11 in Polearms
 18071 | D:11     | Identified the amulet "Miaqasmu" {Reflect rC++ MR- Str+4
                  | Int+2 SH+4}
 18244 | D:11     | Found a staircase to the Orcish Mines.
 18326 | D:11     | Noticed a two-headed ogre
 18337 | D:11     | Killed a two-headed ogre
 18893 | D:12     | Noticed an unseen horror
 18919 | D:12     | Killed an unseen horror
 19075 | D:12     | Reached ****** piety under Lugonu
 19075 | D:12     | Reached XP level 12. HP: 71/95 MP: 17/17
 19272 | D:12     | You fall into a shaft and drop 3 floors!
 19272 | D:15     | Entered Level 15 of the Dungeon
 19299 | D:15     | Noticed a rakshasa
 19316 | D:15     | Killed a rakshasa
 19316 | D:15     | Reached skill level 5 in Shields
 19319 | D:15     | Noticed a centaur warrior
 19929 | D:14     | Noticed a centaur warrior
 19942 | D:14     | Killed a centaur warrior
 20872 | D:12     | Reached skill level 12 in Polearms
 21636 | D:12     | Found an ancient bone altar of Kikubaaqudgha.
 22917 | D:13     | HP: 7/145 [meliai/divine providence (11)]
 22920 | D:13     | HP: 2/145 [poisoned by a meliai]
 22921 | D:13     | Gained mutation: You are partially covered in sharp spines.
                  | [demonic ancestry]
 22921 | D:13     | Reached XP level 13. HP: 2/103 MP: 20/20
 22922 | D:13     | Succumbed to a meliai's poison

Levels and vault maps discovered:
D:1:      lightli_molten_gateway, layout_basic
D:2:      cheibrodos_greedy_goblins, layout_basic
D:3:      layout_rooms, makhleb_altar_promises_db, ebering_ghost_disaster_area,
          cheibrodos_sewer_entry_drain, kennysheep_generic_room_8, uniq_terence
D:4:      layout_rooms, minmay_temple_entry_statues_fountains, uniq_grinder
D:5:      layout_basic, first_ration
D:6:      hangedman_cross_stitches, layout_rooms, serial_shops,
          nicolae_shop_trees, gammafunk_ghost_split, xom_redecorated,
          uniq_eustachio
D:7:      layout_rooms, nicolae_ru_great_annihilating_truth
D:8:      layout_gridville, uniq_prince_ribbit1, uniq_psyche
D:9:      layout_roguey, lemuel_mausoleum_altar_kikubaaqudgha
D:10:     layout_stronghold, hangedman_pestilent_swarm
D:11:     layout_small_grid, lair_entry_dummy, erik_orc_1, dk_noncrumbling_4,
          minivault_29
D:12:     layout_long_grid, basic_altar, serial_glass, glass_columns_a,
          glass_columns_b, minivault_19
D:13:     layout_grid_maze, fountainhead
D:14:     layout_basic, hangedman_vaults_entry_quadrant_bands,
          minmay_misc_feat_enclosed, serial_aquarium, aquarium_bridge_straight
          [aquarium_subvault_bridge, aquarium_subvault_wall,
          aquarium_subvault_bridge, aquarium_subvault_balcony],
          aquarium_bridge_square [aquarium_subvault_wall,
          aquarium_subvault_bridge, aquarium_subvault_balcony,
          aquarium_subvault_bridge], aquarium_window_1, aquarium_window_fake,
          aquarium_window_corridor_1, aquarium_window_corner, aquarium_view_2d,
          serial_shops, kennysheep_little_box, shop_fountains,
          nicolae_shop_statue_plus, kennysheep_dice
D:15:     grunt_enter_depths_snipers, layout_basic, minmay_checkerbox

Skill      XL: |  1  2  3  4  5  6  7  8  9 10 11 12 |
---------------+-------------------------------------+-----
Polearms       | 2 3 4 5 6 7 9 10 11 12 | 12.2
Armour         | 2 3 4 5 7 8 9 |  9.0
Fighting       | 4 5 6 7 8 9 |  9.8
Throwing       | 1 4 |  4.5
Shields        | 1 3 4 6 |  6.6
Invocations    | 4 7 9 |  9.5
Evocations     | 3 |  3.2
Dodging        | |  0.8

Action                   |  1- 3 |  4- 6 |  7- 9 | 10-12 | 13-15 || total
-------------------------+-------+-------+-------+-------+-------++-------
Melee: Spear             |   120 |   418 |    24 |       |       ||   562
       Kick              |    17 |    72 |   146 |    22 |       ||   257
       Trident           |       |       |   713 |  1702 |       ||  2415
Throw: Stone             |       |    11 |     2 |       |       ||    13
       Dart              |       |       |    11 |   155 |       ||   166
       Boomerang         |       |       |       |    12 |       ||    12
Invok: Depart the Abyss  |     1 |       |       |       |       ||     1
 Abil: Evoke Berserk Rag |       |       |       |     5 |       ||     5
Evoke: Wand              |       |       |       |     3 |       ||     3
  Use: Scroll            |       |    10 |     5 |    13 |       ||    28
       Potion            |       |       |     3 |     4 |       ||     7
 Stab: Sleeping          |     5 |     2 |       |       |       ||     7
       Distracted        |     1 |     1 |       |    10 |       ||    12
       Invisible         |       |       |     1 |       |       ||     1
       Paralysed         |       |       |     1 |       |       ||     1
  Eat: Chunk             |     2 |    15 |    16 |    30 |       ||    63
       Ration            |       |       |     4 |     5 |       ||     9
Armor: Leather armour    |    17 |     5 |       |       |       ||    22
       Chain mail        |       |   170 |   330 |   293 |       ||   793
       Plate armour      |       |       |   104 |   204 |       ||   308
Dodge: Dodged            |    44 |   127 |   261 |   387 |       ||   819
Block: Buckler           |       |       |    45 |   104 |       ||   149
       Large shield      |       |       |       |   514 |       ||   514
       Shield            |       |       |       |    55 |       ||    55
       Reflection        |       |       |       |    10 |       ||    10
